 Dungeon Crawl Stone Soup version 0.28.0-55-gcd9437bce4 (webtiles) character file.

Game seed: 3060627110996714676

2996 nerdsy the Covered (level 9, 0/81 HPs)
             Began as a Deep Dwarf Fighter on Jan 3, 2023.
             Slain by a yak (2 damage)
             ... on level 8 of the Dungeon.
             The game lasted 00:18:54 (5578 turns).

nerdsy the Covered (Deep Dwarf Fighter)             Turns: 5578, Time: 00:18:54

Health: 0/81       AC: 12    Str: 25    XL:     9   Next: 54%
Magic:  2/2        EV: 13    Int: 10    God:
Gold:   490        SH:  5    Dex: 12    Spells: 8/8 levels left

rFire   + . .      SeeInvis .   H - +1 falchion of the Reaper {venom, +Blink rCorr Str-4}
rCold   + . .      Faith    .   c - +0 buckler
rNeg    + . .      Spirit   .   i - +4 ring mail
rPois   .          Reflect  .   e - +0 helmet
rElec   .          Harm     .   v - scarf {rC+ rF+}
rCorr   +          Rampage  .   (no gloves)
Will    +....                   (no boots)
Stlth   +.........              (no amulet)
HPRegen 0.00/turn               b - +6 ring of strength
MPRegen 0.08/turn               y - ring of positive energy

@: lethally poisoned (0 -> 0)
A: damage resistance, heal wounds, sense surroundings 2, no regeneration
a: Heal Wounds, Evoke Blink


You were on level 8 of the Dungeon.
You visited 1 branch of the dungeon, and saw 8 of its levels.

You collected 490 gold pieces.

Inventory:

Hand Weapons
 x - a +2 dagger of electrocution
 A - a +0 dire flail of draining
 H - the +1 falchion of the Reaper (weapon) {venom, +Blink rCorr Str-4}
   (You found it on level 7 of the Dungeon)

   It poisons the flesh of those it strikes.
   Str:       It affects your strength (-4).
   +Blink:    It lets you blink.
   rCorr:     It protects you from acid and corrosion.
Missiles
 f - 388 stones
 C - 19 poisoned darts
Armour
 c - a +0 buckler (worn)
 e - a +0 helmet (worn)
 i - a +4 ring mail (worn)
 q - a +1 robe of willpower
 v - a scarf of resistance (worn)
 z - a +2 chain mail of cold resistance
Jewellery
 b - a +6 ring of strength (left hand)
 y - a ring of positive energy (right hand)
 E - a ring of protection from cold
 G - a ring of magical power
Wands
 u - a wand of iceblast (12)
 B - a wand of flame (15)
Scrolls
 a - 2 scrolls of vulnerability
 g - a scroll of torment
 l - a scroll of blinking {unknown}
 n - 2 scrolls of noise
 o - 2 scrolls of enchant weapon
 r - 6 scrolls of teleportation
 w - a scroll of fear {unknown}
 D - a scroll of magic mapping {unknown}
Potions
 d - 2 potions of might
 h - 3 potions of flight {unknown}
 j - a potion of brilliance {unknown}
 k - a potion of lignification {unknown}
 m - 4 potions of curing
 p - 2 potions of haste {unknown}
 s - a potion of attraction {unknown}
 t - 3 potions of heal wounds {unknown}
 F - a potion of degeneration {unknown}


   Skills:
 + Level 5.1 Fighting
 + Level 3.8(3.9) Short Blades
 + Level 1.2(2.9) Long Blades
 + Level 6.7 Axes
 + Level 7.6 Armour
 + Level 6.2 Dodging
 + Level 1.2 Stealth
 + Level 6.3 Shields


You had 8 spell levels left.
You didn't know any spells.
Your spell library contained the following spells:

 Spells                   Type           Power      Damage    Failure   Level
 Animate Skeleton         Necr           0%         N/A       56%         1
 Pain                     Necr           0%         1d4       56%         1
 Static Discharge         Conj/Air       0%         N/A       71%         2
 Portal Projectile        Hex/Tloc       0%         N/A       91%         3
 Vampiric Draining        Necr           0%         2d6       91%         3
 Dispel Undead            Necr           0%         3d6       100%        4
 Sticky Flame             Conj/Fire      0%         2d3       100%        4
 Blade Hands              Tmut           0%         N/A       100%        5
 Excruciating Wounds      Necr           0%         N/A       100%        5


Dungeon Overview and Level Annotations

Branches:
Dungeon (8/15)             Temple (0/1) D:4
   Lair: D:8-11

Altars:
Ashenzari
Cheibriados
Qazlal
Xom

Shops:
D:3 (   D:4 **


Innate Abilities, Weirdness & Mutations

You are resistant to damage.
You can heal yourself by infusing magical energy.
You passively map the area around you.
You do not regenerate.


Message History

The killer bee barely misses you. The killer bee misses you.
The yak misses you.
The yak gores you. x2; The yak gores you!
You hit the bullfrog.
The bullfrog is poisoned.
The bullfrog is lightly wounded.
You block the killer bee's attack. The killer bee barely misses you.
You block the bullfrog's attack. The yak gores you.
* * * LOW HITPOINT WARNING * * *
The killer bee misses you. The killer bee closely misses you.
The yak barely misses you. The yak gores you but does no damage.
The yak closely misses you. The yak gores you.
* * * LOW HITPOINT WARNING * * *
You block the bullfrog's attack. The yak barely misses you.
You barely miss the bullfrog.
The bullfrog is lightly wounded.
You block the killer bee's attack. The killer bee barely misses you.
The bullfrog closely misses you. The killer bee closely misses you.
The killer bee barely misses you. The yak gores you. x2
The yak closely misses you. The yak gores you. x2
* * * LOW HITPOINT WARNING * * *
You barely miss the bullfrog.
The bullfrog is moderately wounded.
The killer bee stings you but does no damage.
The killer bee barely misses you. The bullfrog misses you.
The killer bee stings you but does no damage.
You block the killer bee's attack.
The yak gores you but does no damage. x2
You block the bullfrog's attack. The yak gores you but does no damage.
The yak gores you.
* * * LOW HITPOINT WARNING * * *
The yak gores you but does no damage. The killer bee barely misses you.
The killer bee closely misses you.
You closely miss the bullfrog.
The bullfrog is moderately wounded.
The killer bee closely misses you. x2; You block the bullfrog's attack.
The yak gores you!
* * * LOW HITPOINT WARNING * * *
The yak gores you!
* * * LOW HITPOINT WARNING * * *
The yak closely misses you. The yak gores you but does no damage.
The yak gores you.
You die...

** ,, ...., ,, , *
#. #..# ** ,, , , *
, ,#.##.. , , ** ,
#.#..., , , #.#..#
###., , * *#
#....##..... * ,
.##.#........... ,
, ,
......YYY....... *
, ,
...#.F@y....$..* *
,
,,......YYy..#####,
, , ..#........# *
* , ,, #.#.###### ,
* * * , #,#. ,, , ,
, , #. * * * * ,*
*** # , * , *** * ,
,* , ,, , * ,*


You could see 5 yaks, a bullfrog (poisoned) and 2 killer bees.

Vanquished Creatures
  Grinder (D:4)
  Sigmund (D:2)
  A yak (D:8)
  A wraith (D:6)
  Menkaure (D:5)
  Edmund (D:5)
  A water moccasin (D:5)
  A sky beast (D:7)
  An ice beast (D:7)
  An orc warrior (D:6)
  2 necrophages (D:6)
  An ogre (D:7)
  A phantom (D:6)
  2 kobold brigands
  Blork the orc (D:5)
  A bullfrog (D:7)
  A scorpion (D:4)
  A water moccasin zombie (D:7)
  6 killer bees
  A centaur zombie (D:6)
  10 hounds
  A jelly (D:5)
  A bullfrog skeleton (D:5)
  A centaur skeleton (D:6)
  An iguana (D:6)
  3 orc wizards
  A scorpion zombie (D:4)
  A hound skeleton (D:4)
  A howler monkey skeleton (D:6)
  A howler monkey zombie (D:7)
  A gnoll (D:4)
  5 adders
  A shadow imp (D:6)
  A white imp (D:5)
  2 ufetubi (D:5)
  3 worms
  3 dart slugs
  11 orcs
  7 ball pythons
  7 endoplasms
  6 giant cockroaches
  7 goblins
  3 hobgoblins
  4 jackals (D:3)
  9 quokkas
  6 bats
  3 frilled lizards
  14 kobolds
  7 rats
148 creatures vanquished.

Vanquished Creatures (others)
  5 toadstools (D:6)
5 creatures vanquished.

Grand Total: 153 creatures vanquished

Notes
Turn   | Place    | Note
-------+----------+-------------------------------------------
     0 | D:1      | nerdsy the Deep Dwarf Fighter began the quest for the Orb.
     0 | D:1      | Reached XP level 1. HP: 20/20 MP: 1/1
    70 | D:1      | Found a faded altar of an unknown god.
   122 | D:1      | Reached XP level 2. HP: 17/27 MP: 2/2
   708 | D:2      | Reached XP level 3. HP: 15/33 MP: 3/3
  1258 | D:2      | Noticed Sigmund
  1274 | D:2      | Killed Sigmund
  1275 | D:2      | Reached skill level 4 in Armour
  1275 | D:2      | Reached XP level 4. HP: 31/42 MP: 4/4
  1275 | D:2      | Reached XP level 5. HP: 37/49 MP: 5/5
  2208 | D:3      | You fall into a shaft and drop 2 floors!
  2208 | D:5      | Entered Level 5 of the Dungeon
  2220 | D:5      | Reached XP level 6. HP: 27/56 MP: 5/5
  2242 | D:5      | Reached skill level 5 in Armour
  2302 | D:4      | Found a broken altar of Ashenzari.
  2341 | D:4      | Reached skill level 5 in Axes
  2414 | D:4      | Found a staircase to the Ecumenical Temple.
  2428 | D:4      | Reached XP level 7. HP: 50/63 MP: 4/4
  2454 | D:4      | Noticed Grinder
  2459 | D:4      | Paralysed by Grinder for 7 turns
  2480 | D:4      | Killed Grinder
  2582 | D:4      | Found Zash's General Store.
  2583 | D:4      | Found Yjerph's Specific Store.
  2686 | D:3      | Found a glowing drain.
  2800 | D:3      | Found Iphor's Antique Weapon Boutique.
  3105 | D:3      | Found a snail-covered altar of Cheibriados.
  3691 | D:5      | Reached XP level 8. HP: 50/72 MP: 5/5
  3709 | D:5      | Reached skill level 1 in Short Blades
  3769 | D:5      | Found a shimmering altar of Xom.
  3777 | D:5      | Noticed Blork the orc
  3789 | D:5      | Killed Blork the orc
  3956 | D:5      | Noticed Edmund
  3976 | D:5      | Killed Edmund
  3977 | D:5      | Reached skill level 6 in Armour
  4108 | D:5      | Noticed Menkaure
  4115 | D:5      | Killed Menkaure
  4299 | D:6      | Reached skill level 5 in Shields
  4306 | D:6      | Reached skill level 5 in Dodging
  4306 | D:6      | Reached skill level 1 in Stealth
  4406 | D:6      | Gained mutation: You passively map the area around you.
                  | [Deep Dwarf growth]
  4406 | D:6      | Reached XP level 9. HP: 41/79 MP: 5/5
  4851 | D:7      | Found a stormy altar of Qazlal.
  5021 | D:7      | Reached skill level 5 in Fighting
  5021 | D:7      | Reached skill level 7 in Armour
  5172 | D:7      | Identified the +1 falchion of the Reaper {venom, +Blink
                  | rCorr Str-4}
  5563 | D:8      | HP: 3/81 [yak (10)]
  5564 | D:8      | Reached skill level 1 in Long Blades
  5578 | D:8      | HP: 2/81 [yak (8)]
  5578 | D:8      | Slain by a yak

Illustrated notes

Levels and vault maps discovered:
D:1:      dpeg_arrival_water_temple_mockup, layout_loops_ring,
          ebering_ecumenical_altar_webs
D:2:      minmay_angry_zag, layout_loops_corners, uniq_sigmund
D:3:      layout_basic, cheibriados_altar_1, serial_shops, shop,
          portal_sewer_entry_f
D:4:      layout_basic, ashenzari_altar_1, minmay_temple_entry_sparse_star,
          nicolae_specific_store, cheibrodos_gnoll_hut, uniq_grinder
D:5:      layout_loops_ring, mainiacjoe_overflow_cross_hatched, enter_ossuary_2,
          mrwooster_statue_mirror, serial_park_tiny_pond, chequers_jeans,
          kennysheep_generic_room_14, uniq_edmund, uniq_blork_the_orc,
          uniq_menkaure
D:6:      layout_basic, minmay_gold_behind_fungi
D:7:      layout_gridville, old_standard_altar
D:8:      layout_basic, minmay_misc_feat_columns

Skill      XL: |  1  2  3  4  5  6  7  8  9 |
---------------+----------------------------+-----
Axes           | 4 5 6 |  6.7
Fighting       | 3 4 5 |  5.1
Armour         | 4 5 6 7 |  7.6
Dodging        | 2 3 5 6 |  6.2
Shields        | 4 5 6 |  6.3
Short Blades   | 3 |  3.8
Stealth        | 1 |  1.2
Long Blades    | 1 |  1.2

Action                   |  1- 3 |  4- 6 |  7- 9 || total
-------------------------+-------+-------+-------++-------
Melee: War axe           |   111 |    87 |    75 ||   273
       Dagger            |       |       |   342 ||   342
       Falchion          |       |       |    37 ||    37
 Abil: Heal Wounds       |     1 |     5 |    15 ||    21
  Use: Scroll            |       |       |     5 ||     5
Armor: Scale mail        |    15 |       |       ||    15
       Ring mail         |    44 |    80 |   251 ||   375
Dodge: Dodged            |    62 |   111 |   347 ||   520
Block: Buckler           |    30 |    40 |   144 ||   214
